 Seeded DCSS version 0.29-a0-876-gfc89b1a5bd (webtiles) character file.

Game seed: 3903587716063977423 (custom seed)

1596 Kazon the Ruffian (level 8, -12/79 HPs)
             Began as a Troll Berserker on July 19, 2022.
             Was an Elder of Trog.
             Killed from afar by a steam dragon (19 damage)
             ... with a ball of steam
             ... on level 9 of the Dungeon.
             The game lasted 00:22:16 (3723 turns).

Kazon the Ruffian (Troll Berserker)                 Turns: 3723, Time: 00:22:19

Health: -12/79     AC:  4    Str: 26    XL:     8   Next: 62%
Magic:  7/7        EV: 11    Int:  3    God:    Trog [****..]
Gold:   57         SH:  0    Dex: 15    Spells: 7/7 levels left

rFire   . . .      SeeInvis .     - Unarmed
rCold   + . .      Faith    .   (no shield)
rNeg    . . .      Spirit   .   a - +0 animal skin
rPois   .          Reflect  .   (helmet restricted)
rElec   .          Harm     .   (no cloak)
rCorr   .          Rampage  .   (gloves unavailable)
Will    ++...                   (boots unavailable)
Stlth   ++........              z - amulet of the Queen {Regen+ Dex+4}
HPRegen 2.83/turn               l - ring of protection from cold
MPRegen 0.10/turn               (no ring)

@: lethally poisoned (-12 -> -12), strong-willed, on berserk cooldown,
regenerating, slowed, very slow
A: large, unfitting armour, claws 3, regeneration 1, shaggy fur 1, tough skin 1
a: Renounce Religion, Berserk, Trog's Hand, Brothers in Arms


You were on level 9 of the Dungeon.
You worshipped Trog.
Trog was greatly pleased with you.
You visited 2 branches of the dungeon, and saw 8 of its levels.

You collected 93 gold pieces.
You spent 36 gold pieces at shops.

Inventory:

Hand Weapons
 s - a +0 halberd
Missiles
 d - 4 stones
 j - 4 large rocks
 t - 8 poisoned darts (quivered)
 x - a boomerang
Armour
 a - a +0 animal skin (worn)
Jewellery
 l - a ring of protection from cold (left claw)
 z - the amulet of the Queen (around neck) {Regen+ Dex+4}
   (You acquired it on level 3 of the Dungeon)

   [amulet of regeneration]

   Dex:       It affects your dexterity (+4).
   Regen:     It increases your rate of health regeneration.
Wands
 u - a wand of polymorph (12)
Scrolls
 c - a scroll of amnesia {unknown}
 e - 3 scrolls of vulnerability {unknown}
 g - a scroll of magic mapping {unknown}
 i - a scroll of immolation {unknown}
 k - a scroll of enchant weapon {unknown}
 o - 4 scrolls of teleportation {unknown}
 p - 2 scrolls of enchant armour {unknown}
 q - a scroll of noise {unknown}
 v - 2 scrolls of fear {unknown}
 y - a scroll of identify
Potions
 b - 2 potions of curing
 f - a potion of mutation
 h - a potion of lignification
 m - a potion of flight
 n - 2 potions of resistance
 r - 2 potions of haste {unknown}
 w - a potion of heal wounds {unknown}


   Skills:
 * Level 4.6 Fighting
 + Level 2.1 Polearms
 + Level 3.3 Throwing
 * Level 4.5 Dodging
 + Level 1.8 Stealth
 + Level 6.9 Unarmed Combat


You had 7 spell levels left.
You didn't know any spells.
Your spell library was empty.

Dungeon Overview and Level Annotations

Branches:
Dungeon (9/15)             Temple (1/1) D:4
   Lair: D:8-11         Orc: D:9-12

Altars:
Ashenzari
Cheibriados
Dithmenos
Fedhas
Gozag
Hepliaklqana
Kikubaaqudgha
Makhleb
Okawaru
Ru
Sif Muna
Trog
Uskayaw
Vehumet
Wu Jian
Xom
Yredelemnul
Zin
The Shining One

Shops:
D:5 *


Innate Abilities, Weirdness & Mutations

You are too large for most types of armour.
You have claws for hands.
Your natural rate of healing is unusually fast.
You are covered in fur. (AC +1)
You have tough skin. (AC +1)


Message History

You closely miss the killer bee.
You feel extremely sick. The killer bee closely misses you.
The killer bee barely misses you.
A steam dragon comes into view.
The killer bee stings you.
* * * LOW HITPOINT WARNING * * *
The steam dragon hisses angrily.
You scratch the killer bee.
The killer bee is moderately wounded.
You feel very sick. The killer bee misses you. The killer bee stings you.
* * * LOW HITPOINT WARNING * * *
You miss the killer bee.
The killer bee is moderately wounded.
You feel very sick. The killer bee barely misses you. x2
The killer bee stings you but does no damage.
You mangle the killer bee!!
You kill the killer bee!
Trog accepts your kill.
You feel very sick.
Your skin crawls.
You feel strong-willed.
You feel sick.
You scratch the steam dragon.
The steam dragon is lightly wounded.
You feel sick. The steam dragon breathes steam at you.
The ball of steam misses you. The steam dragon bites you!
* * * LOW HITPOINT WARNING * * *
The steam dragon claws you.
* * * LOW HITPOINT WARNING * * *
You hear a shout! x2
You mangle the steam dragon!!
The steam dragon is almost dead.
You are engulfed in a cloud of scalding steam.
You feel sick. The steam dragon breathes steam at you.
The ball of steam hits you!!
You die...

####.. . ......##..
.# ......... .$.
##...... ....
#.....# .....
##.....#####..(...
#......##ยง@D....#
####........##..###
##..#.....#### .#.
#.....).....# ..
#...........# ....
##..........# .# .#
#...#......##..#..
#
#..##.............
##..##............>


You could see a steam dragon (catching breath).

Vanquished Creatures
  Grinder (D:6)
  A wraith (D:9)
  An ice beast (D:6)
  A black bear (D:5)
  3 necrophages
  3 scorpions
  4 killer bees (D:9)
  A jelly (D:5)
  3 hounds
  Jessica (D:2)
  2 iguanas
  A scorpion zombie (D:4)
  An orc wizard (D:9)
  A hound zombie (D:4)
  Robin (D:3)
  3 gnolls (D:2)
  10 adders
  An ufetubus (D:5)
  A worm (D:4)
  4 dart slugs
  11 orcs
  7 endoplasms
  3 giant cockroaches (D:2)
  15 goblins
  9 hobgoblins
  11 jackals
  10 kobolds
  3 quokkas
  3 ball pythons
  4 bats
  9 frilled lizards
  6 rats
135 creatures vanquished.

Vanquished Creatures (others)
  A bat (D:1)
  8 plants (D:2)
9 creatures vanquished.

Grand Total: 144 creatures vanquished

Notes
Turn   | Place    | Note
-------+----------+-------------------------------------------
     0 | D:1      | Kazon the Troll Berserker began the quest for the Orb.
     0 | D:1      | Reached XP level 1. HP: 22/22 MP: 0/0
   106 | D:1      | Reached XP level 2. HP: 29/29 MP: 1/1
   213 | D:1      | Found a faded altar of an unknown god.
   563 | D:1      | Reached XP level 3. HP: 36/36 MP: 2/2
   591 | D:1      | Reached ** piety under Trog
   769 | D:2      | Noticed Jessica
   783 | D:2      | Killed Jessica
   788 | D:2      | Reached XP level 4. HP: 36/44 MP: 3/3
   812 | D:2      | Reached skill level 4 in Unarmed Combat
   812 | D:2      | Found a shimmering altar of Xom.
   826 | D:2      | Reached skill level 1 in Throwing
   980 | D:2      | Reached XP level 5. HP: 30/53 MP: 4/4
  1386 | D:3      | Noticed Robin
  1396 | D:3      | Killed Robin
  1431 | D:3      | Reached *** piety under Trog
  1460 | D:3      | Found a hazy altar of Hepliaklqana.
  1467 | D:3      | Found an ancient bone altar of Kikubaaqudgha.
  1496 | D:3      | Found a hide-covered altar of Uskayaw.
  1683 | D:3      | Identified a scroll of acquirement
  1683 | D:3      | Acquired the amulet of the Queen {Regen+ Dex+4}
  1961 | D:4      | Reached skill level 1 in Polearms
  1969 | D:4      | Found a snail-covered altar of Cheibriados.
  2113 | D:4      | Found a staircase to the Ecumenical Temple.
  2130 | D:4      | Reached XP level 6. HP: 55/61 MP: 5/5
  2157 | Temple   | Entered the Ecumenical Temple
  2244 | D:4      | Found a basalt altar of Yredelemnul.
  2408 | D:4      | Reached skill level 1 in Stealth
  2629 | D:5      | Entered Level 5 of the Dungeon
  2637 | D:5      | Reached XP level 7. HP: 66/67 MP: 6/6
  2644 | D:5      | Reached skill level 5 in Unarmed Combat
  2755 | D:5      | Identified the +0 chain mail of Iderafuc {rC- rN+ SInv}
  2840 | D:5      | Reached **** piety under Trog
  3011 | D:5      | Found Fecaix's General Store.
  3014 | D:5      | Bought a scroll of identify for 24 gold pieces
  3014 | D:5      | Bought a potion of degeneration for 12 gold pieces
  3203 | D:5      | Found a burning altar of Makhleb.
  3203 | D:5      | Found a sacrificial altar of Ru.
  3204 | D:5      | Found an iron altar of Okawaru.
  3528 | D:6      | Noticed Grinder
  3530 | D:6      | Paralysed by Grinder for 4 turns
  3584 | D:6      | Killed Grinder
  3585 | D:6      | Reached skill level 6 in Unarmed Combat
  3585 | D:6      | Reached XP level 8. HP: 73/78 MP: 7/7
  3654 | D:6      | You fall into a shaft and drop 3 floors!
  3723 | D:9      | Killed from afar by a steam dragon

Illustrated notes

Levels and vault maps discovered:
D:1:      shiori_arrival_oz, layout_loops_ring, chequers_ecumenical_altar_grove
D:2:      cheibrodos_old_hovel, layout_basic, basic_altar, minmay_lizard_king,
          uniq_jessica
D:3:      layout_loops_cross, mainiacjoe_overflow_cross_hatched,
          mainiacjoe_overflow_big_doors, uniq_robin
D:4:      layout_basic, mainiacjoe_overflow_small_starburst,
          lemuel_zombie_altar_yredelemnul, minmay_temple_entry_statues_pillars,
          grunt_ministairs_7, chequers_arboretum
D:5:      layout_basic, gammafunk_temple_overflow_claw, serial_shops,
          kennysheep_mini, grunt_decor_cap
D:6:      layout_loops_cross, kennysheep_little_box, serial_shops,
          nicolae_shop_stone, kennysheep_boxes, uniq_sigmund,
          uniq_prince_ribbit1, uniq_grinder
D:9:      layout_cave_pools, ebering_ghost_reflecting_pool, special_room
          [special_room_orc], grunt_ministairs_11, uniq_erolcha
Temple:   nicolae_temple_ecumenical_triangle

Skill      XL: |  1  2  3  4  5  6  7  8 |
---------------+-------------------------+-----
Unarmed Combat | 4 6 |  6.9
Throwing       | 1 2 3 |  3.3
Fighting       | 3 4 |  4.6
Dodging        | 3 4 |  4.5
Polearms       | 1 2 |  2.1
Stealth        | 1 |  1.8

Action                   |  1- 3 |  4- 6 |  7- 9 || total
-------------------------+-------+-------+-------++-------
Melee: Unarmed           |    74 |   124 |    84 ||   282
       Punch             |       |     5 |       ||     5
       Halberd           |       |   127 |       ||   127
Throw: Stone             |     5 |    30 |    22 ||    57
       Dart              |       |       |     9 ||     9
Invok: Berserk           |       |       |     1 ||     1
       Trog's Hand       |       |       |     1 ||     1
  Use: Scroll            |       |     8 |     2 ||    10
 Stab: Sleeping          |       |     5 |     2 ||     7
       Distracted        |       |       |     1 ||     1
Armor: Animal skin       |    28 |    93 |    13 ||   134
Dodge: Dodged            |    51 |   157 |    39 ||   247

Table legend: (Time is in decaauts)
 A = Elapsed time spent in this place.
 B = Non-inter-level travel time spent in this place.
 C = Inter-level travel time spent in this place.
 D = Time resting spent in this place.
 E = Time spent auto-exploring this place.
 F = Levels seen in this place.
 G = Mean time per level.
                   A        B        C        D        E       F      G
               +--------+--------+--------+--------+--------+-----+--------+
         Total |   3767 |   3638 |    129 |    131 |   1113 |   8 |  470.9 |
       Dungeon |   3728 |   3599 |    129 |    131 |   1110 |   7 |  532.6 |
        Temple |     38 |     38 |      0 |      0 |      3 |   1 |   38.0 |
               +--------+--------+--------+--------+--------+-----+--------+

Top non-repeatable levels by time:
     D:5: 922 daAuts
     D:1: 744 daAuts
     D:3: 712 daAuts
     D:4: 647 daAuts
     D:2: 529 daAuts
     D:6: 94 daAuts
     D:9: 76 daAuts
  Temple: 38 daAuts
